AoeStats
← nelson.llanos.cuevas

Arabian Desert

510182795Analyzed
1v1 RM · 3d ago on Sep 29, 2026· 35m 29s· 2 players
Game mode
Random Map
Map size
Tiny (2 player)
Population
200
Speed
Normal
Resources
Standard
Victory
Conquest
Starting age
Dark Age
Ending age
Imperial Age
RankedLock teamsTeams togetherTeam positionsShared explorationLock speedFull tech treeHidden civsTurbo modeCheats
Victory
Defeat
🇨🇱 Franks · Chile
642
+15
🇲🇽 Mongols · Mexico
613
-21
JAZS0698
0:49 Loom
10:41 Feudal Age
12:45 Wheelbarrow
14:59 Horse Collar
15:09 Double-Bit Axe
17:17 Forging
24:21 Castle Age
23:27 Bloodlines
23:30 Scale Barding Armor
24:38 Light Cavalry
26:30 Husbandry
27:10 Iron Casting
27:11 Bow Saw
27:04 Heavy Plow
nelson.llanos.cuevas
13:46 Feudal Age
16:21 Double-Bit Axe
20:27 Castle Age
19:22 Forging
19:53 Scale Barding Armor
21:29 Chain Barding Armor
22:41 Iron Casting
26:16 Gold Mining
28:12 Gold Shaft Mining
32:20 Wheelbarrow
Connection lost

Rejoining the realm…

Still unreachable

The connection could not be restored.

Session expired

The server has moved on; the page needs a fresh start.